 Dungeon Crawl Stone Soup version 0.18-a0-1560-ge216ca8 (webtiles) character file.

1894 angel3174 the Skirmisher (level 8, -4/64 HPs)
             Began as a Demonspawn Abyssal Knight on Mar 12, 2016.
             Was a Priest of Lugonu.
             Slain by an orc warrior
             ... wielding a +0 glaive
              (22 damage)
             ... on level 6 of the Dungeon.
             The game lasted 01:15:16 (8852 turns).

angel3174 the Skirmisher (DsAK)                     Turns: 8852, Time: 01:15:16

Health: -4/64      AC: 13    Str: 14    XL:     8   Next: 93%
Magic:  0/11       EV:  9    Int: 11    God:    Lugonu [***...]
Gold:   36         SH:  0    Dex: 16    Spells: 1 memorised, 1 level left

rFire  . . .     SeeInvis .     e - +1 trident (freeze)
rCold  . . .     Gourm    .     k - +0 chain mail
rNeg   . . .     Faith    .     (no shield)
rPois  +         Spirit   +     (helmet restricted)
rElec  .         Dismiss  .     (no cloak)
rCorr  .         Reflect  .     E - +0 pair of gloves
SustAt .         Harm     .     (no boots)
MR     .....                    B - amulet of magic regeneration
Stlth  +.........               u - ring of poison resistance
                                m - +2 ring of dexterity

@: about to teleport, not resistant to hostile enchantments, very unstealthy
A: horns 1, thin metallic scales 1, camouflage 1, dopey 1, nightstalker 1, magic
shield, magic regeneration, sturdy frame 1
a: Depart the Abyss, Bend Space, Banish, Renounce Religion


You were on level 6 of the Dungeon.
You worshipped Lugonu.
Lugonu was most pleased with you.
You were not hungry.

You visited 1 branch of the dungeon, and saw 7 of its levels.
You visited the Abyss 1 time.

You collected 289 gold pieces.
You spent 253 gold pieces at shops.

Inventory:

Hand Weapons
 a - a +1 falchion
 e - a +1 trident of freezing (weapon)
 g - a +0 shortbow
 p - a +2 short sword of draining
 t - a +1 dagger of flaming
 v - a +1 dagger of venom
Missiles
 j - 6 exploding sling bullets
 r - 149 stones (quivered)
 w - 96 arrows
Armour
 b - a +1 leather armour
 k - a +0 chain mail (worn)
 q - a +0 ring mail
 E - a +0 pair of gloves (worn)
Jewellery
 d - an uncursed ring of ice
 f - an uncursed ring of protection from magic
 m - a +2 ring of dexterity (left hand)
 u - a ring of poison resistance (right hand)
 B - an amulet of magic regeneration (around neck)
Wands
 i - a wand of random effects (44/48)
 n - a wand of random effects (18/48)
Scrolls
 l - a scroll of enchant armour
 x - a scroll of teleportation
 y - 2 scrolls of identify
 z - a scroll of amnesia
 D - 3 scrolls of remove curse
Potions
 o - a potion of magic
Books
 h - an Akashic Record

   Spells                             Type                      Level
   a - Dispersal                      Translocation                6
   b - Malign Gateway                 Summoning/Translocation      7
   c - Disjunction                    Translocation                8
   d - Controlled Blink               Translocation                8
Comestibles
 c - 3 bread rations
 C - 9 fruits


   Skills:
 + Level 5.7 Fighting
 + Level 2.9(3.3) Short Blades
 + Level 2.2(3.0) Long Blades
 + Level 2.5 Polearms
 + Level 5.4 Armour
 + Level 5.0 Dodging
 + Level 2.9 Stealth
 + Level 4.1 Invocations
 + Level 1.9 Evocations


You had one spell level left.
You knew the following spells:

 Your Spells              Type           Power        Failure   Level  Hunger
a - Dispersal             Tloc           #.........   100%        6    #######


Dungeon Overview and Level Annotations

Branches:
Dungeon (7/15)
 Temple: D:4-7

Altars:
Elyvilon
Makhleb
Nemelex Xobeh
Sif Muna
Vehumet

Shops:
D:7 *

Annotations:
D:4 cireshan's ghost, amateur TrMo
D:5 Gorice's ghost, novice DEVM
D:6 Bubs's ghost, novice VSAs
Abyss:1 Pikel


Innate Abilities, Weirdness & Mutations

You have a pair of small horns on your head.
You are partially covered in thin metallic scales (AC +2).
You are slightly more attuned to the shadows.
When hurt, damage is shared between your health and your magic reserves.
You regenerate magic rapidly.
Your skin changes colour to match your surroundings (Stealth).
You are dopey. (Int -2)
Your movements are slightly less encumbered by armour (ER -2).


Message History

An orc wizard comes into view. It is wielding a dagger.
You aren't in the Abyss!
As you read the scroll of teleportation, it crumbles to dust.
You feel strangely unstable. Something hits you but does no damage.
The giant frog hits you but does no damage.
The giant gecko bites you but does no damage.
You hit the giant gecko. You freeze the giant gecko.
The giant gecko seems to slow down.
The giant gecko is heavily wounded.
The giant frog hits you. Something hits you!
* * * LOW HITPOINT WARNING * * *
The giant frog hits you.
* * * LOW HITPOINT WARNING * * *
The giant gecko bites you but does no damage.
Press: ? - help, Shift-Dir - straight line, f - giant frog
Aim: a giant frog (chance to defeat MR: 72%)
The giant frog is devoured by a tear in reality.
Lugonu claims a new guest.
You feel somewhat more hungry. Something hits you!!
You die...

***********
***,,,,,,,,,,
*,,,*********
*####..,,,,,,,,*
###......,,,,,,*,*
#.@l.....,,,**,*,*
#.#§#....,,,,,,,,**
#{#§#,*..,**,,,,,,,
#o#.#,*,,,**,*,,,**
#o#.#,***,*,*,,,***
#o#.#,* *,,***,,,,,
#.#.#,#**,,,*,,,**,
#.#,#.##,,,,,,,,,,,
####.#....o,,,,,,,,,**


You could see an orc wizard, 2 orcs and a giant gecko.

Vanquished Creatures
  A phantom (D:7)
  3 ogres
  A centaur (D:6)
  A giant frog (D:7)
  A wyvern skeleton (D:6)
  A scorpion (D:4)
  3 killer bees
  4 crimson imps
  3 orc wizards
  5 orc priests
  Jessica (D:3)
  An iguana (D:6)
  Ijyb (D:3)
  A hound skeleton (D:6)
  9 gnolls
  5 adders
  An ooze (D:3)
  2 worms (D:2)
  A dart slug (D:2)
  3 giant geckos
  23 orcs
  A ball python (D:3)
  5 giant cockroaches
  5 goblins
  11 hobgoblins
  10 jackals
  4 kobolds
  3 quokkas
  12 bats
  5 giant newts
  A quokka skeleton (D:6)
  3 rats (D:2)
131 creatures vanquished.

Vanquished Creatures (others)
  An ogre (D:7)
  3 slaves (D:7)
  2 giant frogs
  A killer bee (D:4)
  An adder (D:7)
  4 starspawn tentacles (Abyss:1)
12 creatures vanquished.

Grand Total: 143 creatures vanquished

Notes
Turn   | Place    | Note
--------------------------------------------------------------
     0 | Abyss:1  | angel3174 the Demonspawn Abyssal Knight began the quest for the Orb.
     0 | Abyss:1  | Reached XP level 1. HP: 18/18 MP: 2/2
    73 | Abyss:1  | Noticed a large abomination
    91 | Abyss:1  | Noticed a tentacled starspawn
   115 | D:1      | Escaped the Abyss
   152 | D:1      | Reached skill level 1 in Dodging
   246 | D:1      | Gained mutation: When hurt, damage is shared between your health and your magic reserves. [demonic ancestry]
   246 | D:1      | Reached XP level 2. HP: 24/24 MP: 3/3
   446 | D:1      | Reached * piety under Lugonu
  1041 | D:2      | Reached XP level 3. HP: 21/29 MP: 3/5
  2238 | D:2      | Found a burning altar of Makhleb.
  2608 | D:2      | Reached XP level 4. HP: 25/37 MP: 3/6
  3233 | D:2      | Reached ** piety under Lugonu
  3627 | D:3      | Reached skill level 1 in Stealth
  3670 | D:3      | Gained mutation: You are partially covered in thin metallic scales (AC +2). [demonic ancestry]
  3670 | D:3      | Reached XP level 5. HP: 22/42 MP: 1/7
  4006 | D:3      | Noticed Ijyb
  4015 | D:3      | Killed Ijyb
  4015 | D:3      | Reached skill level 1 in Short Blades
  4409 | D:3      | Found a sparkling altar of Nemelex Xobeh.
  4541 | D:3      | Found a white marble altar of Elyvilon.
  4542 | D:3      | Noticed Jessica
  4546 | D:3      | Killed Jessica
  4546 | D:3      | Gained mutation: You are slightly more attuned to the shadows. [demonic ancestry]
  4546 | D:3      | Reached XP level 6. HP: 37/48 MP: 5/8
  4912 | D:4      | Noticed cireshan's ghost (amateur TrMo)
  5504 | D:4      | Reached *** piety under Lugonu
  5591 | D:4      | Gained mutation: You are dopey. (Int -2) [potion of mutation]
  5591 | D:4      | Gained mutation: Your movements are slightly less encumbered by armour (ER -2). [potion of mutation]
  5591 | D:4      | Gained mutation: Your skin changes colour to match your surroundings (Stealth). [potion of mutation]
  5598 | D:4      | HP: 3/72 [killer bee (3)]
  5612 | D:4      | Gained mutation: You have a pair of small horns on your head. [demonic ancestry]
  5612 | D:4      | Reached XP level 7. HP: 23/55 MP: 4/9
  6151 | D:5      | Entered Level 5 of the Dungeon
  6506 | D:5      | Found a deep blue altar of Sif Muna.
  6924 | D:5      | Noticed Gorice's ghost (novice DEVM)
  7392 | D:6      | Reached skill level 1 in Evocations
  7862 | D:6      | Gained mutation: You regenerate magic rapidly. [demonic ancestry]
  7862 | D:6      | Reached XP level 8. HP: 61/61 MP: 10/10
  8064 | D:6      | Noticed Bubs's ghost (novice VSAs)
  8126 | D:7      | Noticed Pikel
  8133 | D:7      | Banished Pikel
  8133 | D:7      | Reached skill level 5 in Fighting
  8133 | D:7      | Reached skill level 1 in Polearms
  8146 | D:7      | Found a sparkling altar of Nemelex Xobeh.
  8191 | D:7      | Reached skill level 5 in Armour
  8469 | D:7      | Found a radiant altar of Vehumet.
  8527 | D:7      | Reached skill level 5 in Dodging
  8714 | D:7      | Found Tibam's General Store.
  8727 | D:7      | Bought a scroll of remove curse for 39 gold pieces
  8727 | D:7      | Bought a scroll of identify for 26 gold pieces
  8727 | D:7      | Bought a scroll of identify for 26 gold pieces
  8727 | D:7      | Bought a scroll of teleportation for 39 gold pieces
  8727 | D:7      | Bought a scroll of recharging for 123 gold pieces
  8759 | D:7      | Learned a level 6 spell: Dispersal
  8852 | D:6      | Slain by an orc warrior

Vault maps used:
D:1:      dpeg_arrival_more_subterranean_lakeside_camping
D:2:      first_bread, bloody_makhleb
D:3:      nicolae_overflow_crystal_walls, nemelex_dance_club_becter,
          uniq_jessica, uniq_iyjb
D:4:      led_sif_pool
D:5:      nicolae_overflow_hidden_temple, temple_fountains,
          hangedman_abyss_or_decor_passed
D:6:      kennysheep_little_box
D:7:      vehumet_crystals, nemelex_deck, serial_shops, shop, uniq_pikel,
          uniq_prince_ribbit1

Skill      XL: |  1  2  3  4  5  6  7  8 |
---------------+-------------------------+-----
Dodging        | 1 2 3 4 5 |  5.0
Armour         | 2 3 4 5 |  5.4
Long Blades    | 2 |  2.2
Stealth        | 1 2 |  2.9
Fighting       | 4 5 |  5.7
Short Blades   | 1 2 |  2.9
Invocations    | 3 4 |  4.1
Evocations     | 1 |  1.9
Polearms       | 2 |  2.5

Action                   |  1- 3 |  4- 6 |  7- 9 || total
-------------------------+-------+-------+-------++-------
Melee: Falchion          |    62 |       |       ||    62
       Short sword       |    50 |   180 |   131 ||   361
       Trident           |       |       |   134 ||   134
Throw: Throwing net      |       |     2 |       ||     2
       Stone             |       |       |     1 ||     1
Invok: Depart the Abyss  |     1 |       |       ||     1
       Bend Space        |       |     3 |     2 ||     5
       Banish            |       |       |     4 ||     4
Evoke: Wand              |       |       |    16 ||    16
  Use: Scroll            |     1 |    12 |     8 ||    21
       Potion            |       |    10 |     2 ||    12
 Stab: Sleeping          |       |     1 |     1 ||     2
       Invisible         |       |     1 |       ||     1
       Paralysed         |       |       |     2 ||     2
       Distracted        |       |       |     1 ||     1
  Eat: Royal jelly       |     1 |       |       ||     1
       Bread ration      |     1 |     1 |     2 ||     4
       Beef jerky        |       |     1 |       ||     1
       Pizza             |       |     2 |       ||     2
       Chunk             |       |     1 |       ||     1
       Meat ration       |       |       |     1 ||     1
